 Dungeon Crawl Stone Soup version 0.30.0-13-g156ef70053 (webtiles) character file.

Game seed: 8344785632308893833

151 browni3141 the Shield-Bearer (level 5, -3/46 HPs)
             Began as a Minotaur Fighter on May 17, 2023.
             Succumbed to a killer bee's poison
             ... on level 6 of the Dungeon.
             The game lasted 00:00:54 (1722 turns).

browni3141 the Shield-Bearer (Minotaur Fighter)     Turns: 1722, Time: 00:00:55

Health: -3/46      AC:  7    Str: 20    XL:     5   Next: 11%
Magic:  4/4        EV:  9    Int:  5    God:
Gold:   99         SH:  9    Dex: 12    Spells: 4/4 levels left

rFire   . . .        a - +0 war axe
rCold   . . .        V - +0 kite shield
rNeg    . . .        b - +0 scale mail
rPois   .            (helmet restricted)
rElec   .            (no cloak)
rCorr   .            (no gloves)
SInv    .            (no boots)
Will    .....        (no amulet) Stlth
                     (no ring)
HPRegen 0.27/turn    (no ring)
MPRegen 0.09/turn

%: no passive effects
@: lethally poisoned (-3 -> -14)
A: horns 2, retaliatory headbutt
a: no special abilities


You were on level 6 of the Dungeon.
You visited 1 branch of the dungeon, and saw 4 of its levels.

You collected 99 gold pieces.

Inventory:

Hand Weapons
 a - a +0 war axe (weapon)
Missiles
 J - 5 javelins (quivered)
 T - 5 boomerangs
Armour
 b - a +0 scale mail (worn)
 c - a +0 buckler
 V - a +0 kite shield (worn)
Scrolls
 O - a scroll of enchant weapon {unknown}
 Q - 2 scrolls of identify {unknown}
 R - a scroll of magic mapping {unknown}
Potions
 M - a potion of might
 N - 2 potions of heal wounds {unknown}
 P - 2 potions of cancellation {unknown}
 S - 2 potions of curing {unknown}
 U - a potion of haste {unknown}
 W - a potion of mutation {unknown}


   Skills:
 + Level 4.3 Fighting
 * Level 4.1 Axes
 * Level 1.1 Throwing
 + Level 4.2 Armour
 + Level 1.8 Dodging
 + Level 4.3 Shields


You had 4 spell levels left.
You didn't know any spells.
Your spell library was empty.

Dungeon Overview and Level Annotations

Branches:
Dungeon (3/15)

Altars:


Innate Abilities, Weirdness & Mutations

You have a pair of horns on your head.
You reflexively headbutt those who attack you in melee.


Message History

You kill the goblin!
No target in view!
Things that are here:
a +0 club; a goblin corpse No target in view!
Q - 2 scrolls labelled HISIBU HYTU (gained 1) Key pressed, stopping explore.
No target in view!
There is an escape hatch in the ceiling here.
You see here a +0 robe.
Done exploring.
Done exploring.
No target in view!
Done exploring.
No target in view!
Search for what [? for help]? boom You see here 5 boomerangs.
T - 5 boomerangs;
W - an emerald potion
Things that are here:
a +0 club; a goblin corpse
There is a stone staircase leading down here.
You climb downwards.
Found 3 gold pieces.
Found a stone staircase leading up.
There is a stone staircase leading up here.
You now have 99 gold pieces (gained 3).
A sourceless malevolence fills the Dungeon...
You fall into a shaft and drop 3 floors!
The shaft crumbles and collapses.
A sleepcap comes into view.
A sleepcap is nearby!
A sleepcap is nearby!
A sleepcap is nearby!
You hit the sleepcap. You headbutt the sleepcap!
The sleepcap is heavily damaged.
The sleepcap releases spores at you but does no damage.
You hit the sleepcap.
The sleepcap is severely damaged.
The sleepcap closely misses you.
You hit the sleepcap.
The sleepcap is severely damaged.
You block the sleepcap's attack. The sleepcap releases spores at you.
You are engulfed in a cloud of soporific spores!
You fall asleep.
The sleepcap releases spores at you!
You wake up.
You are engulfed in a cloud of soporific spores!
You are unaffected.
You slash the sleepcap!
You destroy the sleepcap!
No target in view!
No target in view!
HP restored. 2 killer bees come into view.
Found a stone staircase leading up.
The killer bee buzzes angrily. x2
A killer bee comes into view.
There are monsters nearby!
There are monsters nearby!
There are monsters nearby!
You slash the killer bee!
The killer bee is severely wounded.
You block the killer bee's attack. The killer bee closely misses you.
You block the killer bee's attack.
You miss the killer bee. Your headbutt misses the killer bee.
The killer bee is severely wounded.
You miss the killer bee. The killer bee barely misses you.
You furiously retaliate!
You headbutt the killer bee. You block the killer bee's attack.
The killer bee stings you. The killer bee barely misses you.
You furiously retaliate!
You headbutt the killer bee!
You kill the killer bee!
Your Axes skill increases to level 4!
Your Throwing skill increases to level 1!
You have reached level 5!
The killer bee misses you.
You barely miss the killer bee.
The killer bee is severely wounded.
You hit the killer bee. The killer bee stings you. x2
You block the killer bee's attack. x2
The killer bee stings you but does no damage.
The killer bee stings you.
The killer bee attacks as you move away!
The killer bee stings you.
The killer bee stings you but does no damage.
You miss the killer bee.
The killer bee is moderately wounded.
The killer bee stings you. x3
You hit the killer bee.
The killer bee is heavily wounded.
The killer bee stings you.
You are poisoned.
The killer bee poisons you! The killer bee stings you.
You are more poisoned.
The killer bee poisons you! The killer bee completely misses you.
You miss the killer bee.
The killer bee is heavily wounded.
You feel very sick. You block the killer bee's attack.
The killer bee closely misses you.
You slash the killer bee!
You kill the killer bee!
You die...

#.# #.#
###.##
######....#
..........#
#.......#
#.....y#
#..(##.#
..... #@#
##.. #.#
.<. #.# .#
#.# #.# #.#
.#######.#
.........#
########.#


You could see a killer bee.

Vanquished Creatures
  2 killer bees (D:6)
  A sleepcap (D:6)
  A gnoll (D:1)
  An adder (D:2)
  A worm (D:2)
  3 dart slugs (D:1)
  6 ball pythons
  5 bats
  2 endoplasms
  3 giant cockroaches (D:1)
  3 goblins
  3 hobgoblins (D:2)
  4 jackals (D:2)
  6 quokkas
  2 frilled lizards (D:2)
  2 kobolds (D:2)
  7 rats
52 creatures vanquished.

Notes
Turn   | Place    | Note
-------+----------+-------------------------------------------
     0 | D:1      | browni3141 the Minotaur Fighter began the quest for the
                  | Orb.
     0 | D:1      | Reached XP level 1. HP: 19/19 MP: 0/0
   221 | D:1      | Reached XP level 2. HP: 27/27 MP: 1/1
   280 | D:1      | Reached skill level 3 in Axes
   593 | D:1      | Reached XP level 3. HP: 33/33 MP: 2/2
  1271 | D:2      | Reached XP level 4. HP: 39/40 MP: 3/3
  1632 | D:3      | You fall into a shaft and drop 3 floors!
  1716 | D:6      | Reached XP level 5. HP: 39/46 MP: 4/4
  1721 | D:6      | HP: 1/46 [poisoned by a killer bee]
  1722 | D:6      | Succumbed to a killer bee's poison

Illustrated notes

Levels and vault maps discovered:
D:1:      dpeg_arrival_snail, layout_rooms, serial_co_window_serial,
          co_window_paths_b, co_window_paths_a, co_window_paths_a,
          co_window_corner_a, co_window_corner_a, co_window_broadway_a,
          co_window_corner_ca, co_window_cross_4, co_window_broadway_a,
          co_window_corner_ca, co_window_paths_d, glass_columns_c, hex_medium
D:2:      layout_loops_ring
D:3:      layout_basic, grunt_temple_overflow_cloverleaf,
          mainiacjoe_overflow_alcove_1
D:6:      layout_rooms

Skill      XL: |  1  2  3  4 |
---------------+-------------+-----
Axes           | 3 4 |  4.1
Dodging        | 1 |  1.8
Fighting       | 4 |  4.3
Shields        | 4 |  4.3
Armour         | 4 |  4.2
Throwing       | 1 |  1.1

Action                     |  1- 3 |  4- 6 || total
---------------------------+-------+-------++-------
  Melee: War axe           |    80 |    23 ||   103
         Headbutt          |    13 |     1 ||    14
 Armour: Scale mail        |    39 |    18 ||    57
  Dodge: Dodged            |    43 |    12 ||    55
  Block: Buckler           |    13 |     4 ||    17
         Kite shield       |       |     7 ||     7
